 Dungeon Crawl Stone Soup version 0.27-a0-522-g46bbb28828 (webtiles) character file.

Game seed: 12725906843724432272

564 Azuregosa the Gusty (level 7, 52/52 HPs)
             Began as a White Draconian Air Elementalist on Mar 5, 2021.
             Quit the game on level 4 of the Dungeon.
             The game lasted 00:20:29 (3116 turns).

Azuregosa the Gusty (DrAE)                          Turns: 3116, Time: 00:20:30

Health: 52/52      AC:  6    Str: 11    XL:     7   Next: 10%
Magic:  12/12      EV: 12    Int: 17    God:
Gold:   128        SH:  0    Dex: 11    Spells: 7/13 levels left

rFire    . . .     SeeInvis .   a - +2 mace (vorpal)
rCold    + . .     Faith    .   (no shield)
rNeg     . . .     Spirit   .   (armour unavailable)
rPois    .         Reflect  .   (helmet restricted)
rElec    .         Harm     .   (no cloak)
rCorr    .         Rampage  .   (no gloves)
Will     .....                  (no boots)
Stlth    ++........             k - amulet of regeneration
HPRegen  1.17/turn              (no ring)
MPRegen  0.13/turn              (no ring)

@: no status effects
A: breathe frost, unfitting armour, cold resistance 1, cold-blooded, AC +6
a: Breathe Frost


You were on level 4 of the Dungeon.
You visited 1 branch of the dungeon, and saw 5 of its levels.

You collected 128 gold pieces.

Inventory:

Hand Weapons
 a - a +2 vorpal mace (weapon)
 c - a +0 short sword
 e - a +0 hunting sling
 n - a +2 dagger of speed
 o - a +1 dagger of freezing
Missiles
 i - 185 stones
 j - 8 poisoned darts
 u - 7 boomerangs of dispersal
Jewellery
 k - an amulet of regeneration (around neck)
Scrolls
 d - 5 scrolls of identify {unknown}
 f - a scroll of teleportation {unknown}
 q - 3 scrolls of amnesia {unknown}
 r - a scroll of magic mapping {unknown}
 s - a scroll of enchant weapon {unknown}
 t - a scroll of enchant armour {unknown}
Potions
 b - a potion of resistance {unknown}
 g - a potion of ambrosia {unknown}
 h - 2 potions of lignification {unknown}
 l - a potion of brilliance {unknown}
 m - a potion of magic {unknown}
 p - a potion of heal wounds {unknown}


   Skills:
 + Level 1.5 Fighting
 + Level 3.5 Maces & Flails
 + Level 2.8 Dodging
 + Level 2.5 Stealth
 + Level 3.5 Spellcasting
 + Level 2.7 Conjurations
 + Level 4.3 Air Magic


You had 7 spell levels left.
You knew the following spells:

 Your Spells              Type           Power        Failure   Level
a - Shock                 Conj/Air       60%          3%          1
b - Lightning Bolt        Conj/Air       7%           71%         5

Your spell library contained the following spells:

 Spells                   Type           Power        Failure   Level
 Swiftness                Air            17%          4%          2
 Static Discharge         Conj/Air       15%          12%         3
 Airstrike                Air            8%           28%         4


Dungeon Overview and Level Annotations

Branches:
Dungeon (5/15)
 Temple: D:4-7

Altars:
Fedhas
Ru

Annotations:
D:4 Eustachio


Innate Abilities, Weirdness & Mutations

You can breathe waves of freezing cold.
You can buffet flying creatures when you breathe cold.
Your icy white scales are hard. (AC +6)
You cannot fit into any form of body armour.
Your flesh is cold resistant. (rC+)
You are cold-blooded and may be slowed by cold attacks.


Message History

You hit the worker ant but do no damage.
The worker ant is almost dead.
You feel sick. The worker ant misses you. The worker ant barely misses you.
You closely miss the worker ant.
The worker ant is almost dead.
You feel sick. The worker ant bites you.
You are more poisoned.
The worker ant poisons you!
You barely miss the worker ant.
The worker ant is almost dead.
You feel sick. The worker ant barely misses you. The worker ant misses you.
You barely miss the worker ant.
The worker ant is almost dead.
You feel sick. The worker ant bites you.
You are more poisoned.
The worker ant poisons you!
You hit the worker ant.
You kill the worker ant!
You feel sick.
You feel sick.
You start resting.
You feel sick. x16
HP restored.
You start waiting.
You feel sick.
HP restored.
You start waiting.
You feel sick.
HP restored.
You start waiting.
You feel sick.
HP restored.
You feel sick.
You feel sick.
You are no longer poisoned.
Found a stone staircase leading down.
i - 165 stones (gained 19)
There is a stone staircase leading up here.
i - 185 stones (gained 20)
Found a chain mail.
A leopard gecko comes into view.
Are you sure you want to abandon this character and quit the game? (Confirm with "yes".)

#..###.#
#.. #..#
#..# # #..#
.# #..# .##
#..# ...#
#..##...###
#.........#
#..@.......
##........#
#.........
###..$....
[#.#...
.#.#..l .#
. . .# ..


You could see a leopard gecko (asleep).

Vanquished Creatures
  Grinder (D:3)
  A howler monkey (D:4)
  An orc priest (D:3)
  A hound (D:4)
  Natasha (thrice) (D:2)
  Terence (D:2)
  An iguana (D:4)
  A worker ant (D:4)
  Robin (D:2)
  4 gnolls (D:2)
  2 adders (D:2)
  2 leopard geckos (D:2)
  2 orcs (D:3)
  4 bats
  2 giant cockroaches
  9 goblins
  11 hobgoblins
  3 jackals (D:1)
  A quokka (D:4)
  A ball python (D:3)
  5 frilled lizards
  A jackal skeleton (D:4)
  7 kobolds
  4 rats
69 creatures vanquished.

Vanquished Creatures (others)
  2 fungi (D:2)
  2 plants (D:2)
4 creatures vanquished.

Grand Total: 73 creatures vanquished

Notes
Turn   | Place    | Note
-------+----------+-------------------------------------------
     0 | D:1      | Azuregosa the Draconian Air Elementalist began the quest
                  | for the Orb.
     0 | D:1      | Reached XP level 1. HP: 14/14 MP: 3/3
    58 | D:2      | Noticed Natasha
   272 | D:2      | Noticed a crimson imp
   573 | D:1      | Reached XP level 2. HP: 20/20 MP: 1/5
  1173 | D:2      | Killed Natasha
  1174 | D:2      | Reached XP level 3. HP: 21/26 MP: 0/6
  1307 | D:2      | Found a sacrificial altar of Ru.
  1395 | D:2      | Noticed Terence
  1407 | D:2      | Killed Terence
  1408 | D:2      | Reached XP level 4. HP: 33/33 MP: 0/7
  1493 | D:2      | Noticed Natasha
  1513 | D:2      | Killed Natasha
  1514 | D:2      | Reached skill level 1 in Maces & Flails
  1616 | D:2      | Noticed Natasha
  1620 | D:2      | Reached XP level 5. HP: 39/39 MP: 0/9
  1623 | D:2      | Reached skill level 4 in Air Magic
  1627 | D:2      | Killed Natasha
  1881 | D:2      | Noticed Robin
  1914 | D:2      | Killed Robin
  1915 | D:2      | Reached skill level 1 in Fighting
  2062 | D:3      | Noticed Grinder
  2063 | D:3      | Paralysed by Grinder for 6 turns
  2079 | D:3      | Killed Grinder
  2080 | D:3      | Reached XP level 6. HP: 20/47 MP: 6/10
  2086 | D:3      | Learned a level 5 spell: Lightning Bolt
  2758 | D:3      | Found a blossoming altar of Fedhas.
  2834 | D:4      | Your scales start taking on an icy white colour.
  2834 | D:4      | Reached XP level 7. HP: 52/52 MP: 5/12
  2834 | D:4      | Gained mutation: Your flesh is cold resistant. (rC+) [White
                  | Draconian growth]
  2834 | D:4      | Noticed Eustachio
  2902 | D:5      | Entered Level 5 of the Dungeon
  3116 | D:4      | Quit the game

Illustrated notes

Levels and vault maps discovered:
D:1:      amcnicky_arrival_abandoned_market, layout_basic, serial_glass,
          glass_columns_a, glass_columns_a
D:2:      layout_rooms, nicolae_ru_the_path_less_chosen, uniq_terence,
          uniq_robin, uniq_natasha
D:3:      layout_rooms, lemuel_doored_altar, uniq_grinder
D:4:      layout_loops_ring, uniq_eustachio
D:5:      layout_loops_corners, lemuel_coloured_pillars_altar,
          general_overflow_altar, minmay_temple_entry_grid

Skill      XL: |  1  2  3  4  5 |
---------------+----------------+-----
Dodging        | 2 |  2.8
Stealth        | 2 |  2.5
Maces & Flails | 1 3 |  3.5
Air Magic      | 4 |  4.3
Conjurations   | 2 |  2.7
Fighting       | 1 |  1.5
Spellcasting   | 3 |  3.5

Action                   |  1- 3 |  4- 6 |  7- 9 || total
-------------------------+-------+-------+-------++-------
Melee: Mace              |    28 |    88 |    18 ||   134
       Tailslap          |     3 |     6 |     1 ||    10
 Cast: Shock             |    42 |    62 |     3 ||   107
 Stab: Sleeping          |       |     1 |       ||     1
Armor: Skin              |     9 |    26 |    14 ||    49
Dodge: Dodged            |    19 |    69 |    22 ||   110

Table legend: (Time is in decaauts)
 A = Elapsed time spent in this place.
 B = Non-inter-level travel time spent in this place.
 C = Inter-level travel time spent in this place.
 D = Time resting spent in this place.
 E = Time spent auto-exploring this place.
 F = Levels seen in this place.
 G = Mean time per level.
                   A        B        C        D        E       F      G
               +--------+--------+--------+--------+--------+-----+--------+
         Total |   3182 |   3140 |     42 |    164 |   2018 |   5 |  636.4 |
       Dungeon |   3182 |   3140 |     42 |    164 |   2018 |   5 |  636.4 |
               +--------+--------+--------+--------+--------+-----+--------+

Top non-repeatable levels by time:
     D:1: 1142 daAuts
     D:2: 916 daAuts
     D:3: 786 daAuts
     D:4: 325 daAuts
     D:5: 11 daAuts
